 Dungeon Crawl Stone Soup version 0.25-a0-571-gb5e01bddfa (webtiles) character file.

Game seed: 13936047786837685592, levelgen mode: deterministic

11 kae the Sneak (level 2, 0/19 HPs)
             Began as a Vampire Enchanter on Feb 29, 2020.
             Slain by an adder (3 damage)
             ... on level 1 of the Dungeon.
             The game lasted 00:01:23 (388 turns).

kae the Sneak (Vampire Enchanter)                    Turns: 388, Time: 00:01:24

Health: 0/19       AC:  2    Str:  7    XL:     2   Next: 13%
Magic:  5/5        EV: 12    Int: 17    God:
Gold:   30         SH:  0    Dex: 14    Spells: 4/5 levels left

rFire    . . .     SeeInvis +   a - +1 dagger
rCold    . . .     Gourm    .   (no shield)
rNeg     . . .     Faith    .   b - +0 robe
rPois    .         Spirit   .   (no helmet)
rElec    .         Reflect  .   (no cloak)
rCorr    .         Harm     .   (no gloves)
MR       .....                  (no boots)
Stlth    +++.......             (no amulet)
HPRegen  0.26/turn              (no ring)
MPRegen  0.09/turn              (no ring)

@: lethally poisoned (0 -> -1), regenerating quickly
A: no food, fangs 3, see invisible, unbreathing
a: Exsanguinate


You were on level 1 of the Dungeon.
You were alive.

You visited 1 branch of the dungeon, and saw 2 of its levels.

You collected 30 gold pieces.

Inventory:

Hand Weapons
 a - a +1 dagger (weapon)
Armour
 b - a +0 robe (worn)
Jewellery
 h - an uncursed ring of ice {unknown}
Scrolls
 c - a scroll of teleportation {unknown}
 d - a scroll of immolation {unknown}
 f - a scroll of enchant armour {unknown}
 g - a scroll of amnesia {unknown}
Potions
 e - a potion of haste {unknown}


   Skills:
 * Level 1.7 Short Blades
 - Level 2.1 Dodging
 + Level 4.6 Stealth
 + Level 2.1 Spellcasting
 + Level 4.6 Hexes


You had 4 spell levels left.
You knew the following spells:

 Your Spells              Type           Power        Failure   Level  Hunger
a - Corona                Hex            ###....      3%          1    N/A

Your spell library contained the following spells:

 Spells                   Type           Power        Failure   Level  Hunger
 Confusing Touch          Hex            ###.....     9%          3    N/A
 Tukima's Dance           Hex            ###.....     9%          3    N/A
 Ensorcelled Hibernation  Hex/Ice        #.....       11%         2    N/A
 Dazzling Flash           Conj/Hex       #.....       22%         3    N/A

Dungeon Overview and Level Annotations

Branches:
Dungeon (2/15)

Altars:


Innate Abilities, Weirdness & Mutations

You do not eat.
Your natural rate of healing is unusually fast.
You have razor-sharp teeth.
You have supernaturally acute eyesight. (SInv)
You can survive without breathing.


Message History

The adder is severely wounded.
You feel sick. The adder bites you.
You closely miss the adder.
The adder is severely wounded.
The adder bites you.
* * * LOW HITPOINT WARNING * * *
You barely miss the adder. You bite the adder.
The adder is severely wounded.
The adder bites you.
* * * LOW HITPOINT WARNING * * *
You closely miss the adder. Your bite misses the adder.
The adder is severely wounded.
The adder stops glowing.
The adder closely misses you.
You hit the adder but do no damage.
The adder is severely wounded.
You feel sick. The adder closely misses you.
You barely miss the adder.
The adder is severely wounded.
The adder bites you.
You die...

...# #
#..# .#
##..# #.
.... .
#..#.#
#..#.#####
#.l.......
#S# #@#
#.# #.#
#.# #.#
#.# #.#
#.#


You could see an adder and a frilled lizard.

Vanquished Creatures
  A giant cockroach (D:2)
  6 kobolds (D:1)
  2 bats
  A frilled lizard (D:1)
  A rat (D:1)
11 creatures vanquished.

Notes
Turn   | Place    | Note
-------+----------+-------------------------------------------
     0 | D:1      | kae the Vampire Enchanter began the quest for the Orb.
     0 | D:1      | Reached XP level 1. HP: 13/13 MP: 3/3
   292 | D:1      | Reached XP level 2. HP: 19/19 MP: 5/5
   350 | D:1      | You fall into a shaft and drop 1 floor!
   388 | D:1      | Slain by an adder

Levels and vault maps discovered:
D:1:      lightli_arrival_lavapool, layout_loops_ring
D:2:      layout_basic, lemuel_crystal_altar

Action                   || total
-------------------------++-------
Melee: Dagger            ||    37
       Bite              ||     3
 Cast: Corona            ||     3
 Stab: Sleeping          ||     4
Armor: Robe              ||     4
Dodge: Dodged            ||    18

Table legend:
 A = Non-vault XP
 B = Vault XP
 C = Vault XP percentage of total XP
 D = Non-vault monster count
 E = Vault monster count
 F = Vault count percentage of total count
                 A         B        C        D         E       F
            +---------+---------+-------+---------+---------+-------
      Total |      16 |       0 |   0.0 |      11 |       0 |   0.0
            +---------+---------+-------+---------+---------+-------
        D:1 |      12 |       0 |   0.0 |       9 |       0 |   0.0
        D:2 |       4 |       0 |   0.0 |       2 |       0 |   0.0
            +---------+---------+-------+---------+---------+-------
